 Dungeon Crawl Stone Soup version 0.28-a0-124-g73ec313a74 (webtiles) character file.

Game seed: 8201871826753174483

16 Ezendos the Sneak (level 2, -13/26 HPs)
             Began as a Naga Enchanter on Aug 14, 2021.
             Mangled by an ogre (20 damage)
             ... on level 1 of the Dungeon.
             The game lasted 00:02:22 (833 turns).

Ezendos the Sneak (Naga Enchanter)                   Turns: 833, Time: 00:02:23

Health: -13/26     AC:  2    Str: 16    XL:     2   Next: 54%
Magic:  0/5        EV:  9    Int: 15    God:
Gold:   39         SH:  0    Dex: 11    Spells: 2/5 levels left

rFire   + . .      SeeInvis +   a - +1 dagger
rCold   + + .      Faith    .   (no shield)
rNeg    . . .      Spirit   +   h - +0 leather armour {rC+}
rPois   +          Reflect  .   (no helmet)
rElec   +          Harm     .   (no cloak)
rCorr   +          Rampage  .   (no gloves)
Will    .....                   (no barding)
Stlth   ++........              e - amulet of guardian spirit
HPRegen 0.08/turn               i - +6 ring of strength
MPRegen 0.09/turn               (no ring)

@: resistant, invisible, very slow
A: AC +0, large, see invisible, deformed body, poison resistance, slowness 2,
spit poison 1, naga tail 1
a: Spit Poison


You were on level 1 of the Dungeon.
You visited 1 branch of the dungeon, and saw 2 of its levels.

You collected 39 gold pieces.

Inventory:

Hand Weapons
 a - a +1 dagger (weapon)
 f - a +0 spear
Armour
 b - a +0 robe
 c - a +0 plate armour
 h - a +0 leather armour of cold resistance (worn)
Jewellery
 e - an amulet of guardian spirit (around neck)
 i - a +6 ring of strength (left hand)
Scrolls
 d - a scroll of enchant armour {unknown}
 j - a scroll of immolation {unknown}
 l - a scroll of enchant weapon {unknown}
 m - a scroll of teleportation {unknown}


   Skills:
 + Level 1.6 Fighting
 - Level 1.0 Short Blades
 + Level 0.2 Armour
 + Level 1.6 Dodging
 - Level 4.4 Stealth
 - Level 2.0 Spellcasting
 - Level 3.0 Hexes
 + Level 0.3 Ice Magic


You had 2 spell levels left.
You knew the following spells:

 Your Spells              Type           Power      Damage    Failure   Level
a - Corona                Hex            11%        N/A       8%          1
b - Ensorcelled Hibernat  Hex/Ice        12%        N/A       21%         2

Your spell library contained the following spells:

 Spells                   Type           Power      Damage    Failure   Level
 Confusing Touch          Hex            10%        N/A       24%         3
 Tukima's Dance           Hex            10%        N/A       24%         3
 Dazzling Flash           Conj/Hex       12%        N/A       41%         3
 Summon Lightning Spire   Summ/Air       1%         N/A       95%         4
 Storm Form               Tmut/Air       0%         N/A       100%        7
 Maxwell's Capacitive Co  Air            0%         ∞         100%        8


Dungeon Overview and Level Annotations

Branches:
Dungeon (2/15)

Altars:


Innate Abilities, Weirdness & Mutations

Your serpentine skin is tough. (AC +0)
You have supernaturally acute eyesight. (SInv)
Armour fits poorly on your strangely shaped body.
Your system is resistant to poisons. (rPois)
You cover ground very slowly.
You can spit poison.
You have a snake-like lower body.


Message History

There is a stone staircase leading down here.
You climb downwards.
An adder and a kobold come into view.
Found 15 stones.
There is a stone staircase leading up here.
Abil: Spit Poison
Press: ? - help, Q - select action, (/) - cycle Shift-Dir - straight line, f - adder
Aim: an adder (asleep)
The splash of poison hits the adder.
The adder is poisoned.
The adder is heavily wounded.
The adder hisses angrily.
You hear a shout!
The kobold throws a stone.
The stone barely misses you.
You hit the adder.
The adder is almost dead.
You kill the adder!
An ogre comes into view. It is wielding a +0 giant club.
You have got your breath back.
A worm comes into view.
The ogre hits you with a +0 giant club.
Okay, then.
Okay, then.
Are you sure you want to abandon this character and quit the game? (Confirm with "yes".)
Okay, then.
Unknown command.
The kobold throws a stone.
The stone hits you.
There is a stone staircase leading up here.
The ogre hits you with a +0 giant club!
Ouch! That really hurt!
* * * LOW HITPOINT WARNING * * *
You climb upwards.
There is a stone staircase leading down here.
Okay, then.
It was a potion of resistance.
You feel protected.
It was a potion of invisibility.
You fade into invisibility!
The ogre hits you with a +0 giant club!!
Ouch! That really hurt!
You die...

####......#.###..# #.# #..##
.........#.## #..# #.# #..#
####.#.###.####..#######.####..##
#.....................^........
#..#.##.#####>.##.##########.##
###..#.##...........###### #.##
.........................## #.##
###..#.##.#......#..###...## #.##
# #..#.##.#.###.@...##.....###.##
###.........# #.O....)...........
..........#.###...##.......###.##
####......................####.##
# ##########.######.....#.....# #
#.# #......###### #
#.##########.## #............#
##############


You could see an ogre.

Vanquished Creatures
  An adder (D:2)
  An endoplasm (D:1)
  A goblin (D:1)
  A quokka (D:1)
  A bat (D:1)
  A frilled lizard (D:1)
  2 rats (D:1)
8 creatures vanquished.

Notes
Turn   | Place    | Note
-------+----------+-------------------------------------------
     0 | D:1      | Ezendos the Naga Enchanter began the quest for the Orb.
     0 | D:1      | Reached XP level 1. HP: 15/15 MP: 3/3
   116 | D:1      | Reached skill level 1 in Fighting
   530 | D:1      | Reached XP level 2. HP: 25/25 MP: 5/5
   533 | D:1      | Learned a level 2 spell: Ensorcelled Hibernation
   549 | D:1      | Found a faded altar of an unknown god.
   827 | D:2      | Noticed an ogre
   833 | D:1      | Mangled by an ogre

Illustrated notes

Levels and vault maps discovered:
D:1:      minmay_arrival_stone_box, layout_loops_ring,
          ebering_ecumenical_altar_box
D:2:      minmay_razor_zed, layout_rooms, minmay_tiny_reverse_x, uniq_terence,
          uniq_robin

Skill      XL: |  1 |
---------------+----+-----
Fighting       | 1 |  1.6
Short Blades   | |  1.0
Armour         | |  0.2
Dodging        | |  1.6
Stealth        | |  4.4
Spellcasting   | |  2.0
Hexes          | |  3.0
Ice Magic      | |  0.3

Action                   || total
-------------------------++-------
Melee: Dagger            ||    10
 Abil: Spit Poison       ||     8
  Use: Potion            ||     2
 Stab: Sleeping          ||     1
Armor: Leather armour    ||     5
Dodge: Dodged            ||     6

Table legend: (Time is in decaauts)
 A = Elapsed time spent in this place.
 B = Non-inter-level travel time spent in this place.
 C = Inter-level travel time spent in this place.
 D = Time resting spent in this place.
 E = Time spent auto-exploring this place.
 F = Levels seen in this place.
 G = Mean time per level.
                   A        B        C        D        E       F      G
               +--------+--------+--------+--------+--------+-----+--------+
         Total |   1113 |   1044 |     69 |      0 |    832 |   2 |  556.5 |
       Dungeon |   1113 |   1044 |     69 |      0 |    832 |   2 |  556.5 |
               +--------+--------+--------+--------+--------+-----+--------+

Top non-repeatable levels by time:
     D:1: 1104 daAuts
     D:2: 9 daAuts
